 Dungeon Crawl Stone Soup version 0.26-a0-597-gb535b0901c (webtiles) character file.

Game seed: 8955674575036806826

(classic levelgen) 8148 EnegeticOcto the Cleaver (level 11, -12/100 HPs)
             Began as a Deep Dwarf Fighter on Aug 28, 2020.
             Was a Priest of Makhleb.
             Mangled by an orc warrior
             ... wielding a +0 hand axe
              (14 damage)
             ... on level 12 of the Dungeon.
             The game lasted 00:05:10 (6459 turns).

EnegeticOcto the Cleaver (Deep Dwarf Fighter)       Turns: 6459, Time: 00:05:11

Health: -12/100    AC: 15    Str: 22    XL:     11   Next: 6%
Magic:  6/6        EV:  5    Int: 10    God:    Makhleb [***...]
Gold:   462        SH:  9    Dex: 12    Spells: 10/10 levels left

rFire    . . .     SeeInvis .   a - +1 war axe
rCold    . . .     Faith    .   c - +0 kite shield
rNeg     . . .     Spirit   .   e - +0 chain mail
rPois    +         Reflect  .   (no helmet)
rElec    .         Harm     .   y - +0 cloak {rPois}
rCorr    .                      l - +2 pair of gloves
MR       ++...                  v - +2 pair of boots
Stlth    ..........             (no amulet)
HPRegen  0.00/turn              r - +4 ring of slaying
MPRegen  0.10/turn              m - ring of protection from magic

@: non-regenerating, extremely drained
A: damage resistance, heal wounds, sense surroundings 2, no regeneration
a: Heal Wounds, Minor Destruction, Lesser Servant of Makhleb, Renounce Religion


You were on level 12 of the Dungeon.
You worshipped Makhleb.
Makhleb was most pleased with you.
You visited 2 branches of the dungeon, and saw 13 of its levels.

You collected 462 gold pieces.

Inventory:

Hand Weapons
 a - a +1 war axe (weapon)
Armour
 c - a +0 kite shield (worn)
 e - a +0 chain mail (worn)
 l - a +2 pair of gloves (worn)
 v - a +2 pair of boots (worn)
 y - a +0 cloak of poison resistance (worn)
Jewellery
 k - an uncursed ring of resist corrosion
 m - a ring of protection from magic (right hand)
 r - a +4 ring of slaying (left hand)
 u - an uncursed ring of positive energy {unknown}
Wands
 q - a wand of iceblast (8) {@v2}
 s - a wand of disintegration (4)
 A - a wand of polymorph (8)
Scrolls
 b - a scroll of enchant weapon
 g - 2 scrolls of teleportation {@r3}
 t - 5 scrolls of remove curse {@r2}
 w - a scroll of magic mapping {@r5}
Potions
 d - 2 potions of might {@q3}
 f - a potion of haste {unknown}
 h - a potion of flight
 i - 4 potions of curing {@q1}
 j - a potion of invisibility
 n - 2 potions of stabbing {@q5}
 o - a potion of resistance {@q6}
 p - a potion of berserk rage
 x - 2 potions of lignification {unknown}
 z - a potion of mutation {unknown}


   Skills:
 + Level 7.3(0.8) Fighting
 * Level 11.5(4.2) Axes
 + Level 8.7(1.9) Armour
 + Level 8.8(2.0) Shields
 + Level 5.8(0.0) Invocations


You had 10 spell levels left.
You didn't know any spells.
Your spell library was empty.

Dungeon Overview and Level Annotations

Branches:
Dungeon (12/15)            Temple (1/1) D:7            Lair (0/6) D:9
    Orc: D:9-12

Altars:
Ashenzari
Cheibriados
Dithmenos
Elyvilon
Fedhas
Kikubaaqudgha
Makhleb
Nemelex Xobeh
Okawaru
Qazlal
Ru
Sif Muna
Trog
Vehumet
Zin
The Shining One

Shops:
D:4 [   D:11 *

Annotations:
D:3 2 transporters
D:11 exclusions: electric eel and 1 more exclusion
D:12 Frances


Innate Abilities, Weirdness & Mutations

You are resistant to damage.
You can heal yourself by infusing magical energy.
You passively map the area around you.
You do not regenerate.


Message History

You feel strangely unstable. You block Frances's attack.
The soul eater hits you but does no damage.
You feel much better.
Frances whispers indecipherable words.
The iron shot hits you!!
Frances hits you with a +2 flail of draining.
You feel drained.
The soul eater draws from the surrounding life force!
You slice Frances!!
Frances is severely wounded.
You barely miss the soul eater.
Frances hits you with a +2 flail of draining.
You feel drained.
The soul eater draws from the surrounding life force!
Frances whispers indecipherable words.
The shard of ice hits you!
You hit Frances.
Frances is severely wounded.
You hit the soul eater but do no damage.
You block Frances's attack.
The orc priest looks satisfied for a moment.
The soul eater draws from the surrounding life force!
Frances barely misses you.
Your magical essence is drained by the effort!
You feel much better.
Your surroundings suddenly seem different.
Found a hand axe, a dented garnet amulet and 14 gold pieces.
Found a stone staircase leading down.
You feel much better.
You open the door.
There is an open door here.
You open the door.
There is an open door here.
As you open the door, it creaks loudly!
There is an open door here.
You open the door.
There is an open door here.
You open the door.
There is an open door here.
An orc and an orc wizard come into view.
You stumble into a teleport trap!
You are suddenly yanked towards some nearby monsters!
Your surroundings suddenly seem different.
The orc warrior shouts!
The orc shouts!
You hear a shout!
The orc warrior hits you with a +0 mace!
The orc wizard moves out of view.
The orc moves out of view.
There are monsters nearby!
There are monsters nearby!
The orc shouts!
You hit the orc warrior.
The orc warrior is heavily wounded.
You hear a shout!
You block the orc warrior's attack.
You hit the orc warrior but do no damage.
The orc warrior is heavily wounded.
The orc warrior barely misses you.
The orc warrior hits you but does no damage.
You closely miss the orc warrior.
The orc warrior is heavily wounded.
The orc warrior hits you from afar with a +0 halberd.
The orc warrior hits you with a +0 mace!
The orc warrior hits you from afar with a +0 halberd!
The orc warrior hits you with a +0 mace.
You hit the orc warrior but do no damage.
The orc warrior is heavily wounded.
You slash the orc warrior! You block the orc warrior's attack.
The orc warrior hits you from afar with a +0 halberd!
You block the orc warrior's attack.
You hit the orc warrior but do no damage.
The orc warrior is heavily wounded.
You hit the orc warrior but do no damage.
The orc warrior barely misses you.
The orc warrior hits you from afar with a +0 halberd!
You block the orc warrior's attack.
The orc warrior hits you with a +0 hand axe!
* * * LOW HITPOINT WARNING * * *
You are too injured to fight recklessly!
You are too injured to fight recklessly!
You are too injured to fight recklessly!
You are too injured to fight recklessly!
You are too injured to fight recklessly!
You are too injured to fight recklessly!
You are too injured to fight recklessly!
You are too injured to fight recklessly!
You are too injured to fight recklessly!
You are too injured to fight recklessly!
You are too injured to fight recklessly!
You are too injured to fight recklessly!
You are too injured to fight recklessly!
You are too injured to fight recklessly!
You are too injured to fight recklessly!
You fail to use your ability.
The orc priest calls down the wrath of Beogh upon you.
Beogh smites you!
* * * LOW HITPOINT WARNING * * *
The orc warrior hits you but does no damage.
The orc warrior hits you with a +0 mace.
* * * LOW HITPOINT WARNING * * *
The orc warrior hits you with a +0 hand axe!
You die...

* * * * * #.
, ,
#####'##### ,
, #.........#
,,
#.........#*
* * *
*#.....<...+,
, , , , , *
+...).....# ,
* #########o#
** , 8* *
*#@# ,, * , ,
,, #o# , , ,
, ,


..oo.ooo# * , , o..ยง.ooo# ** ,,,,,, ...o.o.## * ** , , ,..#...# * , * 8 ##8# ,,
,, * ** * *## * * , * ,, * , , , * , >, You could see 4 orc warriors, 2 orc
priests and 2 orcs.

Vanquished Creatures
  Erica (D:9)
  A two-headed ogre (D:7)
  An ugly thing (D:11)
  A gargoyle (D:11)
  2 hippogriffs
  5 yaks (D:11)
  Menkaure (D:5)
  2 wargs (D:9)
  2 water moccasins
  2 ice beasts
  6 orc warriors
  4 sky beasts
  8 ogres
  A phantom (D:6)
  2 centaurs
  A crocodile (D:10)
  A big kobold (D:11)
  Blork the orc (D:6)
  2 bullfrogs
  A wyvern zombie (D:7)
  A water moccasin skeleton (D:6)
  4 wights (D:8)
  7 howler monkeys
  A centaur zombie (D:5)
  A quasit (D:11)
  2 bullfrog skeletons
  3 hounds
  5 jellies
  8 orc priests
  A gnoll shaman (D:6)
  3 iguanas
  19 orc wizards
  7 worker ants
  A killer bee zombie (D:8)
  A hound skeleton (D:4)
  10 gnolls
  8 adders
  A howler monkey skeleton (D:7)
  4 shadow imps
  A white imp (D:6)
  3 ufetubi
  2 adder skeletons
  An adder zombie (D:5)
  2 worms
  A leopard gecko (D:3)
  50 orcs
  2 ball pythons
  5 giant cockroaches
  A goblin (D:1)
  5 hobgoblins
  4 jackals (D:5)
  5 quokkas
  2 bats
  A frilled lizard (D:1)
  2 jackal zombies
  8 kobolds
  A leopard gecko skeleton (D:6)
  A leopard gecko zombie (D:8)
  2 quokka skeletons
  A rat (D:1)
232 creatures vanquished.

Vanquished Creatures (others)
  A plant (D:9)
1 creature vanquished.

Grand Total: 233 creatures vanquished

Notes
Turn   | Place    | Note
-------+----------+-------------------------------------------
     0 | D:1      | EnegeticOcto the Deep Dwarf Fighter began the quest for the
                  | Orb.
     0 | D:1      | Reached XP level 1. HP: 20/20 MP: 1/1
    38 | D:1      | Reached XP level 2. HP: 20/27 MP: 2/2
   251 | D:3      | Found a transporter.
   253 | D:3      | Noticed an electric eel
   276 | D:3      | Reached skill level 3 in Axes
   276 | D:3      | Reached XP level 3. HP: 34/34 MP: 2/2
   345 | D:3      | Found a transporter.
   479 | D:4      | Reached XP level 4. HP: 37/42 MP: 3/3
   598 | D:4      | Noticed an ogre
   604 | D:4      | Killed an ogre
   604 | D:4      | Reached skill level 4 in Axes
   604 | D:4      | Reached XP level 5. HP: 41/49 MP: 4/4
   777 | D:4      | Found Ysmohegy's Antique Armour Emporium.
  1012 | D:4      | Reached XP level 6. HP: 55/56 MP: 5/5
  1330 | D:4      | Found a sacrificial altar of Ru.
  1516 | D:5      | Entered Level 5 of the Dungeon
  1528 | D:5      | Reached skill level 5 in Axes
  1689 | D:5      | Noticed Menkaure
  1694 | D:5      | Killed Menkaure
  1694 | D:5      | Reached XP level 7. HP: 64/64 MP: 6/6
  1748 | D:5      | Reached skill level 5 in Armour
  1748 | D:5      | Reached skill level 5 in Shields
  1859 | D:5      | Reached skill level 6 in Axes
  2270 | D:6      | Reached XP level 8. HP: 63/73 MP: 7/7
  2345 | D:6      | Reached skill level 7 in Axes
  2410 | D:6      | Noticed Blork the orc
  2418 | D:6      | Killed Blork the orc
  2455 | D:6      | Reached skill level 5 in Fighting
  2667 | D:7      | Reached skill level 8 in Axes
  2680 | D:7      | Noticed a two-headed ogre
  2699 | D:7      | Killed a two-headed ogre
  2699 | D:7      | Reached skill level 9 in Axes
  2699 | D:7      | Gained mutation: You passively map the area around you.
                  | [Deep Dwarf growth]
  2699 | D:7      | Reached XP level 9. HP: 37/82 MP: 6/6
  2763 | D:7      | Found a staircase to the Ecumenical Temple.
  2835 | Temple   | Entered the Ecumenical Temple
  2981 | Temple   | Became a worshipper of Makhleb the Destroyer
  3129 | D:7      | Reached skill level 1 in Invocations
  3845 | D:8      | Reached * piety under Makhleb
  3877 | D:8      | Reached skill level 10 in Axes
  4012 | D:8      | Reached XP level 10. HP: 55/92 MP: 7/7
  4264 | D:9      | Found a staircase to the Lair.
  4268 | D:9      | Noticed Erica
  4306 | D:9      | Killed Erica
  4308 | D:9      | Reached ** piety under Makhleb
  4794 | D:10     | Entered Level 10 of the Dungeon
  4936 | D:10     | Noticed Maurice
  4957 | D:10     | Noticed Maurice
  4959 | D:10     | Killed Maurice the ogre
  5338 | D:11     | Reached skill level 11 in Axes
  5370 | D:11     | Reached skill level 5 in Invocations
  5417 | D:11     | Found Toes Orr's General Store.
  5800 | D:11     | Noticed a gargoyle
  5811 | D:11     | Killed a gargoyle
  5865 | D:11     | Reached *** piety under Makhleb
  6050 | D:11     | Noticed a brown ugly thing
  6062 | D:11     | Killed a brown ugly thing
  6083 | D:11     | Reached XP level 11. HP: 96/100 MP: 9/9
  6380 | D:12     | Noticed Frances
  6415 | D:12     | Noticed a soul eater
  6459 | D:12     | HP: 3/100 [orc priest/divine providence (15)]
  6459 | D:12     | Mangled by an orc warrior

Illustrated notes

Levels and vault maps discovered:
D:1:      dpeg_arrival_boxes_within_box, layout_rooms
D:2:      layout_loops_ring, minmay_hexomino_r4
D:3:      gammafunk_steamed_eel, layout_rooms, kennysheep_path_1, uniq_robin
D:4:      layout_basic, nicolae_ru_great_annihilating_truth, serial_shops,
          nicolae_shop_statue_plus
D:5:      layout_gridville, uniq_menkaure
D:6:      layout_cave_pools, uniq_blork_the_orc
D:7:      layout_rooms, temple_statues, st_stairs_8
D:8:      layout_loops_corners
D:9:      layout_loops_ring, erik_lair_orcish_takeover, uniq_erica
D:10:     layout_big_octagon, uniq_maurice
D:11:     layout_loops_corners, serial_shops, shop, minivault_14
D:12:     layout_roguey, david_orc_4, serial_shops, nicolae_shop_crystal,
          minmay_another_anthill, uniq_josephine, uniq_frances
Temple:   roderic_octagonal_lattice_temple

Skill      XL: |  1  2  3  4  5  6  7  8  9 10 |
---------------+-------------------------------+-----
Fighting       | 3 4 5 6 7 |  7.3
Axes           | 3 4 5 6 9 10 11 | 11.5
Armour         | 4 5 6 7 8 |  8.7
Shields        | 4 5 7 8 |  8.8
Invocations    | 3 5 |  5.8

Action                   |  1- 3 |  4- 6 |  7- 9 | 10-12 || total
-------------------------+-------+-------+-------+-------++-------
Melee: War axe           |    70 |    70 |   311 |   294 ||   745
 Abil: Heal Wounds       |     2 |     1 |    13 |    22 ||    38
Evoke: Wand              |       |       |       |     4 ||     4
  Use: Scroll            |       |       |     8 |     8 ||    16
 Stab: Paralysed         |       |     2 |       |       ||     2
Armor: Scale mail        |    36 |    27 |    25 |       ||    88
       Skin              |       |     3 |       |       ||     3
       Chain mail        |       |       |    83 |   114 ||   197
Dodge: Dodged            |    23 |    25 |    68 |    60 ||   176
Block: Kite shield       |    41 |    33 |   155 |   154 ||   383

Table legend: (Time is in decaauts)
 A = Elapsed time spent in this place.
 B = Non-inter-level travel time spent in this place.
 C = Inter-level travel time spent in this place.
 D = Time resting spent in this place.
 E = Time spent auto-exploring this place.
 F = Levels seen in this place.
 G = Mean time per level.
                   A        B        C        D        E       F      G
               +--------+--------+--------+--------+--------+-----+--------+
         Total |   6548 |   6227 |    321 |    216 |   4490 |  13 |  503.7 |
       Dungeon |   6385 |   6091 |    294 |    216 |   4357 |  12 |  532.1 |
        Temple |    162 |    135 |     27 |      0 |    133 |   1 |  162.0 |
               +--------+--------+--------+--------+--------+-----+--------+

Top non-repeatable levels by time:
     D:4: 1074 daAuts
    D:11: 1061 daAuts
     D:8: 849 daAuts
     D:5: 676 daAuts
     D:9: 587 daAuts
     D:7: 575 daAuts
    D:10: 518 daAuts
     D:6: 477 daAuts
     D:3: 233 daAuts
     D:1: 215 daAuts
  Temple: 162 daAuts
    D:12: 89 daAuts
     D:2: 26 daAuts
